[Event "Titled Tuesday Blitz February 07 Late 2023"]
[White "Smith, Garrett L"]
[Black "Ferreira, Vitor Hugo Vieira"]
[WhiteFideId "2024829"]
[BlackFideId "2119765"]
[WhiteElo "2047"]
[BlackElo "2128"]
[Result "1-0"]
[Round "03"]
[TimeControl "180+2"]
[Date "2023.02.07"]
[WhiteClock "0:00:11"]
[BlackClock "0:00:16"]

1. e4 c6 2. d4 d5 3. e5 Bf5 4. Nd2 e6 5. Nb3 Nd7 6. Nf3 Ne7 7. Be2 h6 8. O-O Qc7 9. Be3 Bh7 10. c4 g5 11. Rc1 O-O-O 12. h4 g4 13. Ne1 h5 14. Bg5 dxc4 15. Bxc4 Nxe5 16. Bf6 Nxc4 17. Bxh8 Bh6 18. Rxc4 Rxh8 19. Nd3 Be4 20. Ne5 Nf5 21. Qe2 Bd5 22. Rc3 Nxh4 23. Nc5 Bxg2 24. Rb3 Bxf1 25. Qxf1 Qd6 26. Rxb7 Qxd4 27. Rd7 Qxd7 28. Nexd7 Nf3+ 29. Kh1 Bf4 30. Qa6+ Kc7 31. Qb7+ Kd6 32. Qb8+ Kd5 33. Qxf4 h4 34. Qe3 Nd4 35. Qe4+ Kc4 36. b3+ Kc3 37. Qd3+ Kb4 38. Qxd4+ Ka3 39. Qa4+ Kb2 40. Qd4+ Kc2 41. Qd3+ Kb2 42. b4 g3 43. Qb3+ Kc1 44. Qc3+ Kd1 45. Qd3+ Ke1 46. fxg3 hxg3+ 47. Kg2 Rh2+ 48. Kxg3 Rd2 49. Qe3+ Kd1 50. Nb3 Re2 51. Qd3+ Ke1 52. Kf3 Rd2 53. Qxd2+ Kf1 54. Qf2# 1-0


[Site "https://www.chess.com"]

[Event "Titled Tuesday Blitz February 07 Late 2023"]
[White "Kielinkei"]
[Black "mestrefeitosa19"]
[WhiteElo "2394"]
[BlackElo "2209"]
[Result "0-1"]
[Round "03"]
[TimeControl "180+2"]
[Date "2023.02.07"]
[WhiteClock "0:00:03"]
[BlackClock "0:00:29"]

1. d4 d5 2. c4 e6 3. Nc3 Nf6 4. cxd5 exd5 5. Bg5 Be7 6. e3 O-O 7. Bd3 b6 8. Qc2 h6 9. Bh4 Bb7 10. Nf3 Nbd7 11. O-O c5 12. dxc5 Nxc5 13. Be2 Nfe4 14. Bxe7 Qxe7 15. Rfd1 Rfe8 16. Nxe4 Nxe4 17. Qd3 a5 18. Bf1 Rac8 19. Rac1 Qb4 20. b3 Qa3 21. Rxc8 Rxc8 22. Nd2 Qxa2 23. Nxe4 dxe4 24. Qb5 Qc2 25. Rd4 Qc5 26. Qd7 Ba8 27. Qg4 Qc1 28. h4 Bb7 0-1


[Site "https://www.chess.com"]

[Event "Titled Tuesday Blitz February 07 Late 2023"]
[White "ritanovikova"]
[Black "Melikhov, Evgeny V."]
[BlackFideId "4122046"]
[WhiteElo "2226"]
[BlackElo "2269"]
[Result "0-1"]
[Round "03"]
[TimeControl "180+2"]
[Date "2023.02.07"]
[WhiteClock "0:00:56"]
[BlackClock "0:00:18"]

1. e4 c5 2. Nc3 Nc6 3. d3 g6 4. Be3 d6 5. Qd2 Bg7 6. g3 e6 7. Bg2 h5 8. h4 Nge7 9. Nd1 Rb8 10. c3 b5 11. Ne2 a5 12. d4 cxd4 13. cxd4 b4 14. O-O O-O 15. Bh6 Qb6 16. Bxg7 Kxg7 17. Ne3 e5 18. d5 Nd4 19. Nxd4 Qxd4 20. Qxd4 exd4 21. Nc2 d3 22. Nd4 Ba6 23. Rfd1 Rfc8 24. Bf1 f5 25. Ne6+ Kf6 26. f3 Rc2 27. Rab1 fxe4 28. fxe4 Ke5 29. Ng5 Rbc8 30. Bxd3 Bxd3 31. Rxd3 Re2 32. Nf7+ Kxe4 33. Nxd6+ Kxd3 34. Nxc8 Nxd5 35. Rd1+ Rd2 36. Rb1 Ke3 37. Nd6 Kf3 38. Kf1 Ne3+ 39. Ke1 Re2# 0-1


[Site "https://www.chess.com"]

[Event "Titled Tuesday Blitz February 07 Late 2023"]
[White "Mindhunter247"]
[Black "Liu, Leonardo"]
[BlackFideId "30965780"]
[WhiteElo "2378"]
[BlackElo "1919"]
[Result "1-0"]
[Round "03"]
[TimeControl "180+2"]
[Date "2023.02.07"]
[WhiteClock "0:01:41"]
[BlackClock "0:00:15"]

1. e4 c5 2. c3 d5 3. exd5 Nf6 4. c4 a6 5. d4 cxd4 6. Qxd4 Nc6 7. Qd1 Ne5 8. Nc3 Bf5 9. Nf3 Bg4 10. Be2 Bxf3 11. gxf3 g6 12. f4 Ned7 13. Be3 Bg7 14. f5 O-O 15. fxg6 hxg6 16. Qd2 Rc8 17. h4 Ne5 18. b3 b5 19. cxb5 Rxc3 20. Qxc3 Nxd5 21. Qd2 Nxe3 22. Qxd8 Rxd8 23. fxe3 Nd3+ 24. Bxd3 Bxa1 25. Ke2 Bc3 26. bxa6 e5 27. Rc1 Bb4 28. Rc4 Ba3 29. a7 Ra8 30. Ra4 Bc5 31. Be4 Rxa7 32. Rxa7 Bxa7 33. b4 f5 34. Bd5+ Kf8 35. a4 Ke7 36. a5 Kd6 37. b5 Kxd5 38. e4+ Kc5 39. exf5 gxf5 40. b6 Bb8 41. h5 e4 42. h6 f4 43. h7 Be5 44. b7 Kd4 45. b8=Q f3+ 46. Kf2 Bxb8 47. h8=Q+ Kd3 48. Qxb8 e3+ 49. Kxf3 Kd2 50. Qd6+ 1-0


[Site "https://www.chess.com"]

[Event "Titled Tuesday Blitz February 07 Late 2023"]
[White "Torres Dominguez, David"]
[Black "Prieto Aranguren, Alain"]
[WhiteFideId "2220857"]
[BlackFideId "2268906"]
[WhiteElo "1994"]
[BlackElo "2258"]
[Result "0-1"]
[Round "03"]
[TimeControl "180+2"]
[Date "2023.02.07"]
[WhiteClock "0:00:03"]
[BlackClock "0:00:07"]

1. e4 c6 2. Nf3 d5 3. d3 g6 4. Be2 Bg7 5. Nbd2 e5 6. O-O d4 7. c3 c5 8. cxd4 cxd4 9. Nc4 Nc6 10. a4 Nge7 11. a5 O-O 12. Bd2 Be6 13. Rc1 h6 14. Rc2 Rc8 15. Qc1 Bxc4 16. Rxc4 Nxa5 17. Rxc8 Nxc8 18. Bxh6 Nb3 19. Qc2 Bxh6 20. Qxb3 Qc7 21. Ra1 a6 22. Bd1 Na7 23. Qd5 Bg7 24. Bb3 Rc8 25. h3 Nb5 26. Ng5 Nd6 27. Kh2 Bf6 28. Nf3 Nb5 29. Nd2 Qc6 30. Qxc6 Rxc6 31. Ba4 Rc5 32. Bb3 Nd6 33. Kg1 Bg5 34. Nc4 Nxc4 35. Bxc4 Bd8 36. b4 Rc7 37. Ra2 Be7 38. b5 axb5 39. Bxb5 Rc3 40. Ra8+ Kg7 41. Ra7 Rc7 42. Bc4 Bc5 43. Ra4 b6 44. Ra2 Rb7 45. Bd5 Rc7 46. Bc4 Kf6 47. Rb2 Kg5 48. Ra2 f5 49. exf5 gxf5 50. g3 e4 51. Kg2 e3 52. f4+ Kf6 53. Kf3 Ke7 54. g4 fxg4+ 55. hxg4 Kd6 56. g5 Rh7 57. g6 Rh3+ 58. Ke4 Rg3 59. f5 Bb4 0-1


[Site "https://www.chess.com"]

[Event "Titled Tuesday Blitz February 07 Late 2023"]
[White "Freile Martin, Javier"]
[Black "Tarnowska, Aleksandra"]
[WhiteFideId "3600165"]
[BlackFideId "1180967"]
[WhiteElo "2329"]
[BlackElo "1835"]
[Result "1-0"]
[Round "03"]
[TimeControl "180+2"]
[Date "2023.02.07"]
[WhiteClock "0:00:50"]
[BlackClock "0:00:04"]

1. c4 e5 2. Nc3 Nf6 3. Nf3 Nc6 4. a3 d6 5. e3 e4 6. Ng5 Bf5 7. Qc2 Qe7 8. f3 h6 9. Ngxe4 Nxe4 10. Nxe4 O-O-O 11. d3 Bxe4 12. dxe4 g6 13. Bd2 Bg7 14. Bc3 Bxc3+ 15. Qxc3 Rhe8 16. O-O-O Ne5 17. Be2 Kb8 18. f4 Nd7 19. Bf3 Nc5 20. Rd4 f5 21. exf5 gxf5 22. Re1 Qh4 23. h3 Re7 24. Rd5 Ne4 25. Bxe4 fxe4 26. c5 Rg8 27. Qd2 a6 28. cxd6 cxd6 29. Rxd6 Rc7+ 30. Kb1 Qg3 31. Re2 Qg7 32. Rd8+ Rxd8 33. Qxd8+ Ka7 34. Qd4+ Qxd4 35. exd4 Re7 36. Kc2 Kb6 37. g4 Kc6 38. Kc3 Kd5 39. f5 Rc7+ 40. Kd2 Kxd4 41. h4 Re7 42. Rg2 e3+ 43. Ke2 Rc7 44. Kd1 Kd3 45. g5 hxg5 46. hxg5 Rh7 47. Rg1 Rh2 48. g6 Rxb2 49. Kc1 Ra2 50. Kb1 Rf2 51. g7 e2 52. g8=Q Rf1+ 53. Kb2 e1=Q 54. Qb3+ Ke4 55. Qc4+ Ke5 56. Rxf1 Qd2+ 57. Kb3 b5 58. Qc3+ Qxc3+ 59. Kxc3 a5 60. f6 Ke6 61. f7 b4+ 1-0


[Site "https://www.chess.com"]

[Event "Titled Tuesday Blitz February 07 Late 2023"]
[White "Sailer, Mike"]
[Black "Lucassen, Mickey"]
[WhiteFideId "2012901"]
[BlackFideId "12919110"]
[WhiteElo "2109"]
[BlackElo "2023"]
[Result "0-1"]
[Round "03"]
[TimeControl "180+2"]
[Date "2023.02.07"]
[WhiteClock "0:00:10"]
[BlackClock "0:00:21"]

1. d4 Nf6 2. Bf4 d6 3. e3 g6 4. Nf3 Bg7 5. Be2 O-O 6. O-O c5 7. c4 cxd4 8. exd4 d5 9. c5 Nc6 10. Nc3 Ne4 11. h3 Bf5 12. Rc1 Nxc3 13. bxc3 Qa5 14. Qd2 Rad8 15. Rfe1 Rfe8 16. Bd3 Bxd3 17. Qxd3 Qxa2 18. Ra1 Qc4 19. Qxc4 dxc4 20. Ra4 f6 21. Rxc4 e5 22. Be3 exd4 23. cxd4 f5 24. Rb1 Rd7 25. g3 h6 26. h4 Kf7 27. d5 Rxd5 28. Rxb7+ Re7 29. Rxe7+ Kxe7 30. Rc1 a5 31. Rb1 a4 32. Rb6 a3 33. Rxc6 a2 34. Ra6 Rd1+ 35. Kg2 a1=Q 36. Rxa1 Rxa1 37. Nd4 Ra4 38. Nb5 Kd7 39. Nd6 Bd4 40. Bxd4 Rxd4 41. Nf7 Ke7 42. Nxh6 Kf8 43. h5 Kg7 44. hxg6 Kxh6 45. c6 Rc4 46. f3 Rxc6 47. g4 Kxg6 48. gxf5+ Kxf5 49. Kg3 Rg6+ 50. Kf2 Kf4 51. Ke2 Rg3 52. Kd3 Rxf3+ 53. Kd4 Rf1 0-1


[Site "https://www.chess.com"]

[Event "Titled Tuesday Blitz February 07 Late 2023"]
[White "Rizzo, Tobias"]
[Black "Michalski, Olaf"]
[WhiteFideId "30942691"]
[BlackFideId "1106740"]
[WhiteElo "1867"]
[BlackElo "2273"]
[Result "1-0"]
[Round "03"]
[TimeControl "180+2"]
[Date "2023.02.07"]
[WhiteClock "0:01:03"]
[BlackClock "0:00:18"]

1. d4 d6 2. e3 Nd7 3. c4 e5 4. Nc3 f5 5. Nf3 Ngf6 6. b3 Be7 7. Bb2 O-O 8. Be2 c6 9. O-O e4 10. Nd2 d5 11. Rc1 a6 12. a4 Kh8 13. f3 exf3 14. Bxf3 Qa5 15. Ne2 Ne4 16. Bxe4 dxe4 17. Nf4 Nf6 18. d5 cxd5 19. cxd5 Nxd5 20. Nc4 1-0


[Site "https://www.chess.com"]

[Event "Titled Tuesday Blitz February 07 Late 2023"]
[White "Volkmann, Andre Jordi"]
[Black "Gonzalez, Francisco Silva"]
[WhiteFideId "2154463"]
[BlackFideId "1512285"]
[WhiteElo "2158"]
[BlackElo "2021"]
[Result "1-0"]
[Round "03"]
[TimeControl "180+2"]
[Date "2023.02.07"]
[WhiteClock "0:00:42"]
[BlackClock "0:01:20"]

1. d4 Nf6 2. c4 e6 3. Nc3 Bb4 4. Bd2 O-O 5. e3 b6 6. Bd3 Bb7 7. Nf3 d6 8. O-O c5 9. Qc2 Nbd7 10. Ne4 Bxd2 11. Nfxd2 Qc7 12. a3 d5 13. cxd5 exd5 14. Nxf6+ Nxf6 15. dxc5 bxc5 16. Rac1 Rac8 17. Bf5 Qe5 18. Bxc8 Rxc8 19. Nf3 Qd6 20. Qf5 Re8 21. Rfd1 Bc8 22. Qc2 Ne4 23. Qa4 Bd7 24. Qxa7 Bg4 25. Qa4 Rb8 26. Qxe4 dxe4 27. Rxd6 exf3 28. h3 Be6 29. Rxc5 Kf8 30. b4 Ke7 31. Ra6 Rd8 32. Rxe6+ fxe6 33. gxf3 Rd2 34. a4 Ra2 35. a5 Kd6 36. f4 Ra4 37. Rb5 Kc6 38. Rb6+ Kd5 39. a6 e5 40. fxe5 Kxe5 41. b5 g5 42. Rb7 h5 43. a7 Ke4 44. b6 Kf3 45. Rf7+ Ke2 46. Rf8 Rf4 47. exf4 1-0


[Site "https://www.chess.com"]

[Event "Titled Tuesday Blitz February 07 Late 2023"]
[White "Winkels, Marcel"]
[Black "Jarocka, Liwia"]
[WhiteFideId "1003887"]
[BlackFideId "21807558"]
[WhiteElo "1960"]
[BlackElo "2225"]
[Result "1/2-1/2"]
[Round "03"]
[TimeControl "180+2"]
[Date "2023.02.07"]
[WhiteClock "0:00:43"]
[BlackClock "0:00:18"]

1. b3 c5 2. Bb2 Nf6 3. e3 d5 4. f4 Nc6 5. Nf3 g6 6. Be2 Bg7 7. O-O O-O 8. Ne5 d4 9. Nxc6 bxc6 10. Bf3 Bb7 11. exd4 cxd4 12. Na3 Qd7 13. Nc4 c5 14. Ne5 Qc7 15. d3 Nd5 16. Bxd5 Bxd5 17. Qe2 a5 18. a4 e6 19. Bc1 Rad8 20. Bd2 Ra8 21. Rae1 Rfd8 22. Qf2 Re8 23. Re2 f6 24. Nf3 e5 25. fxe5 fxe5 26. Ng5 Rf8 27. Qe1 Rxf1+ 28. Qxf1 Rf8 29. Qe1 Qe7 30. Ne4 h6 31. Bxa5 h5 32. Bb6 Bxe4 33. Rxe4 Bh6 34. Ba5 Be3+ 35. Kh1 Qf6 36. h3 Qf1+ 37. Qxf1 Rxf1+ 38. Kh2 Bf4+ 39. g3 Rf2+ 40. Kg1 Be3 41. Kh1 Rf1+ 42. Kg2 Rf2+ 43. Kh1 Rf1+ 44. Kg2 Rf2+ 45. Kh1 1/2-1/2


[Site "https://www.chess.com"]

[Event "Titled Tuesday Blitz February 07 Late 2023"]
[White "Marcolino, Daniel Mattos"]
[Black "Gerbelli Neto, Eduardo"]
[WhiteFideId "2106841"]
[BlackFideId "2103281"]
[WhiteElo "2006"]
[BlackElo "2114"]
[Result "0-1"]
[Round "03"]
[TimeControl "180+2"]
[Date "2023.02.07"]
[WhiteClock "0:00:01"]
[BlackClock "0:00:10"]

1. d4 d5 2. Nf3 Nf6 3. g3 b5 4. a4 b4 5. c4 dxc4 6. Nbd2 Ba6 7. Qc2 e6 8. Bg2 b3 9. Qd1 Nc6 10. O-O Rb8 11. e3 Be7 12. Qe2 O-O 13. Rd1 Nb4 14. Ne5 c3 15. Ndc4 c2 16. Re1 Nfd5 17. e4 Nb6 18. Be3 Nxc4 19. Nxc4 Qe8 20. Bf1 Qd8 21. Qg4 Bf6 22. e5 Be7 23. Bh6 g6 24. Bxf8 Bxf8 25. h4 Qd5 26. Ne3 Qc6 27. Bg2 Qd7 28. Qf3 Nd5 29. Ng4 c5 30. Nf6+ Nxf6 31. exf6 cxd4 32. h5 d3 33. hxg6 hxg6 34. Qe3 d2 35. Rf1 Rd8 36. Bf3 d1=Q 37. Bxd1 cxd1=Q 38. Raxd1 Qxd1 39. Rxd1 Rxd1+ 40. Kg2 Bb7+ 41. f3 Rd5 42. Qxa7 Rd7 43. Qb6 Bd6 44. Kf2 Be5 45. a5 Bxf6 46. a6 Bxa6 47. Qxa6 Rd2+ 48. Ke3 Rxb2 49. Qa8+ Kg7 50. g4 Rc2 51. Qb7 b2 52. g5 Bc3 53. Kd3 Rc1 0-1


[Site "https://www.chess.com"]

[Event "Titled Tuesday Blitz February 07 Late 2023"]
[White "Altun, Arda"]
[Black "Sabar, Ethmane Daouda"]
[WhiteFideId "34511580"]
[BlackFideId "19600097"]
[WhiteElo "2218"]
[BlackElo "2040"]
[Result "0-1"]
[Round "03"]
[TimeControl "180+2"]
[Date "2023.02.07"]
[WhiteClock "0:00:11"]
[BlackClock "0:00:29"]

1. e4 e5 2. Nf3 Nc6 3. d4 exd4 4. Nxd4 Nf6 5. Nxc6 bxc6 6. e5 Qe7 7. Qe2 Nd5 8. c4 Ba6 9. b3 g6 10. Qe4 f5 11. Qd4 Nb4 12. Na3 Bg7 13. Bb2 d6 14. f4 O-O 15. O-O-O Nxa2+ 16. Kb1 Nb4 17. exd6 cxd6 18. Qxd6 Qe4+ 19. Bd3 Nxd3 20. Qxd3 Qxf4 21. Bxg7 Kxg7 22. Rhe1 c5 23. Qc3+ Kg8 24. Rd7 Rf7 25. Rxf7 Kxf7 26. Rd1 Qe4+ 27. Ka1 Re8 28. Rd7+ Re7 29. Rxe7+ Qxe7 30. Qh8 Qf6+ 31. Qxf6+ Kxf6 32. Kb2 Bb7 33. Nb5 Bxg2 34. Nd6 f4 35. Kc3 f3 36. Kd2 f2 0-1


[Site "https://www.chess.com"]

[Event "Titled Tuesday Blitz February 07 Late 2023"]
[White "Capp, Stephen"]
[Black "Nunez V, Gustavo Eduardo"]
[WhiteFideId "2027089"]
[BlackFideId "4403690"]
[WhiteElo "1920"]
[BlackElo "2212"]
[Result "0-1"]
[Round "03"]
[TimeControl "180+2"]
[Date "2023.02.07"]
[WhiteClock "0:00:16"]
[BlackClock "0:00:24"]

1. e4 c5 2. a3 g6 3. Nc3 Bg7 4. Bc4 Nc6 5. h4 h6 6. f4 e5 7. h5 g5 8. fxg5 Qxg5 9. Nf3 Qxg2 10. Rg1 Qh3 11. Rxg7 Nf6 12. Nd5 Nxe4 13. Qe2 Ng3 14. Qh2 Qxh2 15. Nxh2 Nxh5 16. Rg2 Kd8 17. d3 d6 18. Nf3 f5 19. Bd2 e4 20. dxe4 fxe4 21. Nh4 Bh3 22. Rg1 Ne5 23. O-O-O Nxc4 24. Bc3 Re8 25. b3 Nxa3 26. Ne3 Nb5 27. Bb2 Kc7 28. Nhf5 Bxf5 29. Nxf5 Rg8 30. c4 Nf4 31. Rxg8 Rxg8 32. cxb5 Nd3+ 33. Kb1 Rg2 34. Bc1 h5 35. Rh1 Rf2 36. Ne3 Kb6 37. Nc4+ Kxb5 38. Nxd6+ Kb4 39. Nxe4 Re2 40. Nd2 Kc3 41. Rxh5 Nxc1 42. Rxc5+ Kxd2 43. Rxc1 Re1 44. Rxe1 Kxe1 45. Kb2 Kd2 46. b4 b5 47. Kb3 Kd3 48. Kb2 Kc4 49. Ka3 Kc3 50. Ka2 Kxb4 51. Kb2 a5 52. Ka2 a4 53. Kb2 Ka5 54. Ka3 b4+ 55. Ka2 Kb5 56. Kb2 Kc4 57. Ka2 Kc3 58. Ka1 a3 59. Ka2 b3+ 60. Kb1 b2 61. Ka2 Kc2 0-1


[Site "https://www.chess.com"]

[Event "Titled Tuesday Blitz February 07 Late 2023"]
[White "Souza, Gustavo Horokoski De"]
[Black "Alfaro, William"]
[WhiteFideId "2146584"]
[BlackFideId "6100457"]
[WhiteElo "1943"]
[BlackElo "2134"]
[Result "0-1"]
[Round "03"]
[TimeControl "180+2"]
[Date "2023.02.07"]
[WhiteClock "0:00:01"]
[BlackClock "0:00:52"]

1. d4 Nf6 2. c4 e5 3. dxe5 Ng4 4. Bf4 Nc6 5. Nf3 Bb4+ 6. Nbd2 Qe7 7. e3 Ngxe5 8. Nxe5 Nxe5 9. a3 Bd6 10. b4 c6 11. c5 Bc7 12. Be2 d5 13. cxd6 Bxd6 14. Ne4 Bc7 15. O-O Bf5 16. Nc5 Rb8 17. Qa4 a6 18. Rac1 O-O 19. Rfd1 h6 20. Bf1 Ng4 21. Bxc7 Qxc7 22. g3 Qe7 23. Bg2 Rfd8 24. Rxd8+ Rxd8 25. Rd1 h5 26. Rxd8+ Qxd8 27. Nxb7 Qd2 28. Qxa6 Qxf2+ 29. Kh1 Nxe3 30. Qa8+ Kh7 0-1


[Site "https://www.chess.com"]

[Event "Titled Tuesday Blitz February 07 Late 2023"]
[White "Shapiro, Bryan"]
[Black "Rian, Kapriaga"]
[WhiteFideId "2087740"]
[BlackFideId "7103263"]
[WhiteElo "1972"]
[BlackElo "2089"]
[Result "0-1"]
[Round "03"]
[TimeControl "180+2"]
[Date "2023.02.07"]
[WhiteClock "0:00:03"]
[BlackClock "0:00:14"]

1. d4 Nf6 2. c4 e6 3. Nf3 d5 4. Nc3 Be7 5. cxd5 exd5 6. Bg5 h6 7. Bh4 c6 8. e3 Bf5 9. Bd3 Bxd3 10. Qxd3 O-O 11. O-O Re8 12. Rab1 Nbd7 13. b4 b5 14. Ne2 Nb6 15. Ne5 Rc8 16. Rfc1 Nc4 17. a4 a6 18. f4 Ne4 19. Be1 Bd6 20. Ng3 f6 21. Nxc4 bxc4 22. Qe2 Bxf4 23. Nxe4 Rxe4 24. Rc3 Qe7 25. Bf2 Re8 26. Re1 Bd6 27. Qb2 Bxb4 28. Rec1 Bxc3 29. Qxc3 Qb7 30. Qa5 Kh7 31. h3 Rb8 32. Kh2 Qb6 33. Qc3 Qb2 34. Qe1 Rb3 35. Kg3 c3 36. Kf3 c2 37. Qd2 Rc3 38. g4 Qb3 39. h4 Rd3 40. Qe2 Rc3 41. Qd2 Rc4 42. g5 fxg5 43. hxg5 Qb7 44. gxh6 Qf7+ 45. Ke2 Qh5+ 46. Kd3 Qg6 47. Ke2 gxh6 48. Rxc2 Rxc2 49. Qxc2 h5 50. Qb3 h4 51. Qb7+ Kh6 52. Qc8 Qg4+ 53. Kd2 Qxc8 0-1


[Site "https://www.chess.com"]

[Event "Titled Tuesday Blitz February 07 Late 2023"]
[White "Todev, Simeon"]
[Black "Desideri, Ricardo Maruchi"]
[WhiteFideId "2925133"]
[BlackFideId "2110440"]
[WhiteElo "2033"]
[BlackElo "1959"]
[Result "1-0"]
[Round "03"]
[TimeControl "180+2"]
[Date "2023.02.07"]
[WhiteClock "0:01:19"]
[BlackClock "0:00:39"]

1. e4 c5 2. Nf3 d6 3. d4 cxd4 4. Nxd4 Nf6 5. Nc3 a6 6. f3 e6 7. Be3 b5 8. Be2 Bb7 9. Qd2 Nbd7 10. O-O-O Rc8 11. g4 Nb6 12. g5 Nfd7 13. f4 Qc7 14. f5 Nc5 15. g6 hxg6 16. fxe6 fxe6 17. Bg4 b4 18. Nb1 Nxe4 19. Qd3 Bd5 20. Nxe6 Bxe6 21. Bxe6 1-0


[Site "https://www.chess.com"]

[Event "Titled Tuesday Blitz February 07 Late 2023"]
[White "Mohammadian, Mohammad"]
[Black "Malicka, Maria"]
[WhiteFideId "12566055"]
[BlackFideId "1197576"]
[WhiteElo "1398"]
[BlackElo "2255"]
[Result "1/2-1/2"]
[Round "03"]
[TimeControl "180+2"]
[Date "2023.02.07"]
[WhiteClock "0:00:27"]
[BlackClock "0:01:09"]

1. e4 c5 2. Nf3 d6 3. d4 cxd4 4. Nxd4 Nf6 5. Nc3 a6 6. Be2 e6 7. Be3 Be7 8. O-O Qc7 9. f4 b5 10. a3 Bb7 11. Bd3 Nc6 12. Nxc6 Qxc6 13. Qe2 Rd8 14. Rad1 d5 15. exd5 Nxd5 16. Nxd5 exd5 17. Bd4 Qh6 18. Qg4 O-O 19. Rf3 Bf6 20. Bxf6 Qxf6 21. Rh3 g6 22. f5 Bc8 23. Rf1 Kh8 24. Rhf3 gxf5 25. Bxf5 Bxf5 26. Qxf5 Qxb2 27. Qf6+ Qxf6 28. Rxf6 Rc8 29. R1f2 a5 30. Rd6 Rc5 31. Ra6 a4 32. Rd6 Rfc8 33. Rd7 Rxc2 34. Rfxf7 Ra2 35. h3 Kg8 36. Rg7+ Kf8 37. Rgf7+ Kg8 38. Rg7+ Kh8 39. Rxh7+ Kg8 40. Rhg7+ Kh8 41. Rh7+ Kg8 42. Rhg7+ Kh8 43. Rh7+ 1/2-1/2


[Site "https://www.chess.com"]

[Event "Titled Tuesday Blitz February 07 Late 2023"]
[White "So, Wesley"]
[Black "Dardha, Daniel"]
[WhiteFideId "5202213"]
[BlackFideId "240990"]
[WhiteElo "2760"]
[BlackElo "2631"]
[Result "1-0"]
[Round "04"]
[TimeControl "180+2"]
[Date "2023.02.07"]
[WhiteClock "0:00:05"]
[BlackClock "0:00:01"]

1. Nf3 d5 2. g3 b6 3. Bg2 Bb7 4. c4 dxc4 5. Qa4+ Nd7 6. Qxc4 e6 7. O-O Ngf6 8. d4 c5 9. Nc3 cxd4 10. Nxd4 Bxg2 11. Kxg2 Qc8 12. Qxc8+ Rxc8 13. Rd1 a6 14. Bg5 Bb4 15. Bd2 O-O 16. a3 Bxc3 17. Bxc3 Nc5 18. Rac1 Nd5 19. Bb4 h6 20. Bxc5 Rxc5 21. Rxc5 bxc5 22. Nc6 Rc8 23. Na5 c4 24. Rc1 Nb6 25. Kf3 Rc5 26. Nb7 Rd5 27. Rc2 f5 28. e4 Rd3+ 29. Ke2 Rd4 30. Nc5 Kf7 31. Ke3 Rd1 32. Ke2 Rd4 33. exf5 exf5 34. Nxa6 Na4 35. Nc7 Re4+ 36. Kd2 Rd4+ 37. Ke3 Rd3+ 38. Ke2 Rb3 39. Rxc4 Rxb2+ 40. Kf1 Nb6 41. Rc5 g6 42. Rb5 Rxb5 43. Nxb5 Ke6 44. Ke2 Ke5 45. Kd3 g5 46. Nc3 g4 47. a4 f4 48. a5 Nd7 49. Kc4 Nb8 50. Kc5 h5 51. Kb6 fxg3 52. fxg3 Kd4 53. Kb7 Nd7 54. Na4 Kd5 55. a6 1-0


[Site "https://www.chess.com"]

[Event "Titled Tuesday Blitz February 07 Late 2023"]
[White "Naroditsky, Daniel"]
[Black "Baskakov, Egor"]
[WhiteFideId "2026961"]
[BlackFideId "24197866"]
[WhiteElo "2618"]
[BlackElo "2215"]
[Result "1/2-1/2"]
[Round "04"]
[TimeControl "180+2"]
[Date "2023.02.07"]
[WhiteClock "0:00:07"]
[BlackClock "0:00:20"]

1. d4 Nf6 2. Nc3 d5 3. Bf4 Bf5 4. e3 e6 5. Nf3 Bd6 6. Ne5 O-O 7. g4 Be4 8. f3 Bg6 9. h4 h6 10. Nxg6 fxg6 11. Bxd6 Qxd6 12. Bd3 c5 13. dxc5 Qg3+ 14. Kd2 Nbd7 15. Qe2 Nxc5 16. Rag1 Qd6 17. Bxg6 Rac8 18. g5 d4 19. exd4 Qxd4+ 20. Kc1 Nd5 21. Nxd5 exd5 22. gxh6 Na4 23. c3 Nxc3 24. bxc3 Qxc3+ 25. Kb1 Rf6 26. Bc2 Rb6+ 27. Bb3 Rxb3+ 28. axb3 Qxb3+ 29. Qb2 Qd3+ 30. Ka1 Qa6+ 31. Qa2 Qf6+ 32. Qb2 Qa6+ 33. Kb1 Qd3+ 34. Ka2 Qa6+ 35. Kb1 Qd3+ 1/2-1/2


[Site "https://www.chess.com"]

[Event "Titled Tuesday Blitz February 07 Late 2023"]
[White "Dubov, Daniil"]
[Black "Swiercz, Dariusz"]
[WhiteFideId "24126055"]
[BlackFideId "1126881"]
[WhiteElo "2708"]
[BlackElo "2637"]
[Result "1-0"]
[Round "04"]
[TimeControl "180+2"]
[Date "2023.02.07"]
[WhiteClock "0:00:21"]
[BlackClock "0:00:02"]

1. e4 c5 2. Nf3 Nc6 3. Bb5 g6 4. O-O Bg7 5. Re1 e5 6. Bxc6 dxc6 7. d3 Qc7 8. a4 a5 9. Nbd2 b6 10. Nc4 Be6 11. b3 Bxc4 12. bxc4 Nf6 13. Rb1 O-O 14. Bb2 Nd7 15. Bc3 Rae8 16. Rb3 f6 17. h3 Rf7 18. Qe2 Bh6 19. g3 Bf8 20. Kg2 Qd8 21. Nh2 Bd6 22. Ng4 Rff8 23. Ne3 Qe7 24. Qg4 Qg7 25. Rbb1 h5 26. Qe2 Qf7 27. Kh1 Qh7 28. Rg1 Rf7 29. Rbf1 f5 30. Ng2 f4 31. gxf4 exf4 32. Nh4 Re6 33. Nxg6 f3 34. Nf4+ Kf8 35. Nxe6+ Ke7 36. Qe3 Kxe6 37. Qg5 Be7 38. Qg6+ Qxg6 39. Rxg6+ Bf6 40. e5 Nxe5 41. Re1 Kf5 42. Rxf6+ Kxf6 43. Rxe5 Kg6 44. h4 1-0


[Site "https://www.chess.com"]

[Event "Titled Tuesday Blitz February 07 Late 2023"]
[White "Zhigalko, Sergei"]
[Black "Andreikin, Dmitry"]
[WhiteFideId "13502956"]
[BlackFideId "4158814"]
[WhiteElo "2572"]
[BlackElo "2729"]
[Result "0-1"]
[Round "04"]
[TimeControl "180+2"]
[Date "2023.02.07"]
[WhiteClock "0:00:01"]
[BlackClock "0:00:17"]

1. e4 Nc6 2. Nf3 e5 3. Bb5 Nge7 4. O-O g6 5. c3 d6 6. d4 Bd7 7. Re1 Bg7 8. dxe5 Nxe5 9. Bxd7+ Qxd7 10. Nxe5 Bxe5 11. Nd2 Bg7 12. Nf3 Nc6 13. Bf4 O-O-O 14. Qa4 Rhe8 15. Rad1 Qg4 16. Bg5 f6 17. h3 Qd7 18. Be3 a6 19. Qc2 g5 20. a4 g4 21. hxg4 Qxg4 22. Bc1 Rg8 23. Nh2 Qg6 24. Rd3 Bh6 25. Rg3 Qh5 26. Nf1 Ne5 27. Bxh6 Qxh6 28. Qb3 Rxg3 29. Nxg3 Kb8 30. Qe6 Nd3 31. Rb1 Nxf2 32. Qf5 Nd3 33. Qf3 Ne5 34. Qf2 Ng4 35. Qf3 Qh2+ 36. Kf1 Rg8 37. Ne2 Qh1+ 38. Ng1 Nh2+ 0-1


[Site "https://www.chess.com"]

[Event "Titled Tuesday Blitz February 07 Late 2023"]
[White "Duda, Jan-Krzysztof"]
[Black "Bacrot, Etienne"]
[WhiteFideId "1170546"]
[BlackFideId "605506"]
[WhiteElo "2724"]
[BlackElo "2667"]
[Result "0-1"]
[Round "04"]
[TimeControl "180+2"]
[Date "2023.02.07"]
[WhiteClock "0:00:01"]
[BlackClock "0:00:06"]

1. d4 d5 2. Bg5 h6 3. Bh4 c5 4. c3 Nf6 5. Bxf6 gxf6 6. dxc5 e5 7. b4 a5 8. e3 Nc6 9. Bb5 f5 10. Nf3 Bg7 11. O-O O-O 12. Qd2 axb4 13. cxb4 e4 14. Nd4 Nxd4 15. exd4 f4 16. Rd1 Qg5 17. Nc3 Ra3 18. Bf1 Bg4 19. Nb5 e3 20. Qb2 exf2+ 21. Qxf2 Re3 22. Rd2 Rfe8 23. Nd6 R8e7 24. b5 f3 25. b6 Re2 26. Rxe2 fxe2 27. c6 Qd2 28. Kh1 Bxd4 29. Qg3 exf1=Q+ 30. Rxf1 Qe2 31. Qf4 Be5 0-1


[Site "https://www.chess.com"]